 Seeded DCSS version 0.28-a0-1236-gb25a51b929 (webtiles) character file.

Game seed: 1064 (custom seed)

1015 a11behringer the Cleaver (level 8, 0/69 HPs)
             Began as a Minotaur Fighter on Dec 26, 2021.
             Was a Follower of Okawaru.
             Slain by Edmund (7 damage)
             ... on level 5 of the Dungeon.
             The game lasted 00:10:06 (3604 turns).

a11behringer the Cleaver (Minotaur Fighter)         Turns: 3604, Time: 00:10:07

Health: 0/69       AC: 12    Str: 19    XL:     8   Next: 1%
Magic:  7/7        EV:  8    Int:  5    God:    Okawaru [*.....]
Gold:   183        SH:  5    Dex: 17    Spells: 7/7 levels left

rFire   . . .      SeeInvis +   z - +2 hand axe "Xoves" {vamp, rElec rC+ rN+ Str-3 SInv}
rCold   + . .      Faith    .   c - +0 buckler
rNeg    + . .      Spirit   .   H - +0 chain mail
rPois   .          Reflect  .   (helmet restricted)
rElec   +          Harm     .   f - +0 cloak
rCorr   .          Rampage  .   (no gloves)
Will    .....                   F - +0 pair of boots
Stlth   ..........              (no amulet)
HPRegen 0.21/turn               B - ring of flight
MPRegen 0.10/turn               C - +6 ring of dexterity

@: flying, studying 2 skills
A: horns 2, retaliatory headbutt
a: Renounce Religion, Heroism


You were on level 5 of the Dungeon.
You worshipped Okawaru.
Okawaru was aware of your devotion.
You visited 2 branches of the dungeon, and saw 6 of its levels.

You collected 183 gold pieces.

Inventory:

Hand Weapons
 a - a +0 war axe
 h - a +0 hunting sling
 m - a +0 great mace
 y - the +11 dagger "Plojy" {pain, Fly Str+3 Int+4}
   (You found it on level 4 of the Dungeon)

   In the hands of one skilled in necromantic magic, it inflicts extra damage on
   living creatures.
   Str:       It affects your strength (+3).
   Int:       It affects your intelligence (+4).
   Fly:       It grants you flight.
 z - the +2 hand axe "Xoves" (weapon) {vamp, rElec rC+ rN+ Str-3 SInv}
   (You found it on level 4 of the Dungeon)

   It occasionally heals its wielder for a portion of the damage dealt when it
   wounds a living foe.
   Str:       It affects your strength (-3).
   rC:        It protects you from cold.
   rElec:     It insulates you from electricity.
   rN:        It protects you from negative energy.
   SInv:      It lets you see invisible.
Missiles
 g - 109 arrows
 k - 33 bolts
 t - 54 sling bullets
 A - a throwing net (quivered)
Armour
 b - a +0 scale mail
 c - a +0 buckler (worn)
 f - a +0 cloak (worn)
 F - a +0 pair of boots (worn)
 H - a +0 chain mail (worn)
Jewellery
 B - a ring of flight (left hand)
 C - a +6 ring of dexterity (right hand)
 G - a ring of resist corrosion
Scrolls
 e - a scroll of noise {unknown}
 l - 4 scrolls of identify {unknown}
 p - a scroll of torment {unknown}
 q - a scroll of enchant weapon {unknown}
 s - 2 scrolls of enchant armour {unknown}
 v - 2 scrolls of holy word {unknown}
 x - 2 scrolls of brand weapon {unknown}
 E - a scroll of blinking {unknown}
Potions
 d - 2 potions of might
 i - a potion of ambrosia {unknown}
 j - a potion of resistance {unknown}
 n - a potion of mutation {unknown}
 o - a potion of degeneration {unknown}
 r - 2 potions of curing {unknown}
 u - a potion of brilliance {unknown}
 w - a potion of haste {unknown}
 D - a potion of lignification {unknown}
 I - 2 potions of flight {unknown}


   Skills:
 + Level 5.5 Fighting
 * Level 10.9 Axes
 + Level 5.8 Armour
 + Level 1.9 Dodging
 + Level 4.6 Shields


You had 7 spell levels left.
You didn't know any spells.
Your spell library contained the following spells:

 Spells                   Type           Power      Damage    Failure   Level
 Static Discharge         Conj/Air       0%         N/A       100%        2
 Gell's Gravitas          Tloc           0%         N/A       100%        3
 Lesser Beckoning         Tloc           0%         N/A       100%        3
 Teleport Other           Tloc           0%         N/A       100%        3
 Dispel Undead            Necr           0%         3d6       100%        4
 Sticky Flame             Conj/Fire      0%         2d3       100%        4


Dungeon Overview and Level Annotations

Branches:
Dungeon (5/15)             Temple (1/1) D:4

Altars:
Ashenzari
Fedhas
Hepliaklqana
Kikubaaqudgha
Makhleb
Nemelex Xobeh
Okawaru
Ru
Sif Muna
Wu Jian
Xom
Zin
The Shining One

Annotations:
D:5 Edmund


Innate Abilities, Weirdness & Mutations

You have a pair of horns on your head.
You reflexively headbutt those who attack you in melee.


Message History

You feel sick.
You closely miss Edmund. Your headbutt misses Edmund.
Edmund is moderately wounded.
You feel sick. Edmund barely misses you.
You closely miss Edmund. Your headbutt misses Edmund.
Edmund is moderately wounded.
Edmund hits you with a +1 dire flail of protection.
* * * LOW HITPOINT WARNING * * *
You hit Edmund.
Edmund is moderately wounded.
You feel sick. Edmund hits you but does no damage.
You hit Edmund. You headbutt Edmund.
Edmund is heavily wounded.
You feel sick.
You are no longer poisoned.
You closely miss Edmund. Your headbutt misses Edmund.
Edmund is heavily wounded.
Edmund hits you with a +1 dire flail of protection!
* * * LOW HITPOINT WARNING * * *
You hit Edmund.
You feel better.
You headbutt Edmund.
Edmund is severely wounded.
Edmund hits you with a +1 dire flail of protection.
* * * LOW HITPOINT WARNING * * *
You hit Edmund but do no damage. You headbutt Edmund, but do no damage.
Edmund is severely wounded.
Edmund gestures with his flail.
Edmund hits you but does no damage.
You slash Edmund!
You feel better.
Edmund is almost dead.
Edmund hits you with a +1 dire flail of protection.
* * * LOW HITPOINT WARNING * * *
You barely miss Edmund. Your headbutt misses Edmund.
Edmund is almost dead.
You closely miss Edmund.
Edmund is almost dead.
Edmund hits you but does no damage.
Your chain mail prevents you from hitting Edmund.
Edmund is almost dead.
Edmund hits you with a +1 dire flail of protection!
You die...

#)# #.# # #.#. #)#
#.# # ... #.#####.#
# #.. #.#.....# #
#.. #.###.#.########
#..##.....#.....#...
#...#####.#####.#.##
#......#.....##...#
#.#@##.#..##.#....#
#.@....#..##.#....#
####.####.##.#.....#
#.## #.##.#.....#
#..# #.##.#.###.#
##.# #.##.#...#.#
#.###.##.#.#.#..
#..# .##.###.###
##.##.##.....#..


You could see Edmund.

Vanquished Creatures
  Sigmund (D:5)
  A black bear (D:3)
  A necrophage (D:4)
  A kobold brigand (D:4)
  A howler monkey (D:4)
  3 hounds
  A bullfrog skeleton (D:5)
  A gnoll shaman (D:5)
  2 orc priests (D:5)
  A jelly (D:5)
  2 iguanas
  A scorpion zombie (D:5)
  2 hound skeletons (D:4)
  7 gnolls
  A howler monkey skeleton (D:5)
  5 adders
  An ufetubus (D:4)
  3 worms
  A dart slug (D:1)
  12 orcs
  8 ball pythons
  6 endoplasms
  A giant cockroach (D:1)
  10 goblins
  5 hobgoblins
  8 jackals
  5 kobolds
  2 quokkas
  3 bats
  2 frilled lizards (D:2)
  6 rats
104 creatures vanquished.

Notes
Turn   | Place    | Note
-------+----------+-------------------------------------------
     0 | D:1      | a11behringer the Minotaur Fighter began the quest for the
                  | Orb.
     0 | D:1      | Reached XP level 1. HP: 19/19 MP: 0/0
   229 | D:1      | Reached XP level 2. HP: 27/27 MP: 1/1
   379 | D:1      | Reached skill level 3 in Axes
   446 | D:1      | Reached XP level 3. HP: 33/33 MP: 2/2
   634 | D:2      | Found a faded altar of an unknown god.
   996 | D:2      | Reached skill level 4 in Axes
   996 | D:2      | Reached XP level 4. HP: 40/40 MP: 3/3
  1389 | D:3      | Noticed a black bear
  1396 | D:3      | Killed a black bear
  1397 | D:3      | Reached skill level 5 in Axes
  1397 | D:3      | Reached XP level 5. HP: 35/46 MP: 4/4
  1647 | D:3      | Found a glowing silver altar of Zin.
  1892 | D:4      | Identified the +11 dagger "Plojy" {pain, Fly Str+3 Int+4}
  1966 | D:4      | Identified the +2 hand axe "Xoves" {vamp, rElec rC+ rN+
                  | Str-3 SInv}
  2137 | D:4      | Reached skill level 6 in Axes
  2207 | D:4      | Reached XP level 6. HP: 46/52 MP: 5/5
  2458 | D:4      | Found a staircase to the Ecumenical Temple.
  2501 | Temple   | Entered the Ecumenical Temple
  2532 | Temple   | Became a worshipper of Warmaster Okawaru
  2564 | D:4      | Identified 2 scrolls of acquirement
  2564 | D:4      | Acquired a manual of Axes
  2566 | D:4      | Acquired a manual of Fighting
  2627 | D:4      | Reached skill level 1 in Dodging
  2628 | D:4      | Reached skill level 7 in Axes
  2628 | D:4      | Reached skill level 5 in Armour
  2630 | D:4      | Reached skill level 8 in Axes
  2711 | D:4      | Reached XP level 7. HP: 60/60 MP: 6/6
  2891 | D:4      | Reached * piety under Okawaru
  2994 | D:5      | Entered Level 5 of the Dungeon
  3077 | D:5      | Reached skill level 9 in Axes
  3087 | D:5      | Reached skill level 5 in Fighting
  3321 | D:5      | Reached skill level 10 in Axes
  3575 | D:5      | Noticed Sigmund
  3575 | D:5      | Noticed Edmund
  3588 | D:5      | Killed Sigmund
  3589 | D:5      | Reached XP level 8. HP: 40/69 MP: 7/7
  3604 | D:5      | Slain by Edmund

Illustrated notes

Levels and vault maps discovered:
D:1:      lightli_arrival_windingriver, layout_rooms
D:2:      layout_basic, hellmonk_ecumenical_altar_crossroads,
          nicolae_elevator_lobby_asterisk
D:3:      layout_rooms, zin_treasury, grunt_decor_one_mirror, grunt_decor_cap,
          kennysheep_generic_room_16
D:4:      layout_loops_ring, temple_statues
D:5:      layout_basic, uniq_sigmund, uniq_edmund, uniq_prince_ribbit1
Temple:   kilobyte_greek_temple

Skill      XL: |  1  2  3  4  5  6  7 |
---------------+----------------------+-----
Armour         | 4 5 |  5.8
Axes           | 3 4 5 6 8 10 | 10.9
Fighting       | 4 5 |  5.5
Shields        | 4 |  4.6
Dodging        | 1 |  1.9

Action                   |  1- 3 |  4- 6 |  7- 9 || total
-------------------------+-------+-------+-------++-------
Melee: War axe           |    65 |    91 |     4 ||   160
       Headbutt          |     3 |     9 |    20 ||    32
       Hand axe          |       |       |    84 ||    84
  Use: Scroll            |       |     2 |       ||     2
Armor: Scale mail        |    30 |    36 |     5 ||    71
       Chain mail        |       |       |    18 ||    18
Dodge: Dodged            |    32 |    63 |    25 ||   120
Block: Buckler           |    19 |    29 |    13 ||    61

Table legend: (Time is in decaauts)
 A = Elapsed time spent in this place.
 B = Non-inter-level travel time spent in this place.
 C = Inter-level travel time spent in this place.
 D = Time resting spent in this place.
 E = Time spent auto-exploring this place.
 F = Levels seen in this place.
 G = Mean time per level.
                   A        B        C        D        E       F      G
               +--------+--------+--------+--------+--------+-----+--------+
         Total |   3631 |   3388 |    243 |      0 |   2710 |   6 |  605.2 |
       Dungeon |   3569 |   3385 |    184 |      0 |   2710 |   5 |  713.8 |
        Temple |     61 |      2 |     59 |      0 |      0 |   1 |   61.0 |
               +--------+--------+--------+--------+--------+-----+--------+

Top non-repeatable levels by time:
     D:4: 927 daAuts
     D:3: 889 daAuts
     D:1: 618 daAuts
     D:5: 594 daAuts
     D:2: 540 daAuts
  Temple: 61 daAuts
